Map: Central Protocol

Players

DeathRow - Winner!

  • Race: Terran Terran
  • League: Grandmaster

Sacrilege

  • Race: Zerg Zerg
  • League: Master

VOD

Have the link to the VOD?

Description

Time

  • Played on: Feb. 19, 2016, 12:36 a.m.
  • Length: 8:44
Show
View Real Time Build Order
Export as new Build Order

DeathRow Terran - Winner!

Build Orders: Command Center First (CC), Liberator Opening 

Get SALT Encoding   

  12  0:00  SCV  
  13  0:12  SCV  
  14  0:22  Supply Depot  
  14  0:25  SCV  
  15  0:43  SCV  
  16  0:55  SCV  
  17  1:01  Command Center  
  17  1:08  SCV  
  18  1:15  Barracks  
  18  1:20  SCV  
  19  1:26  Refinery  
  19  1:29  Refinery  
  19  1:33  SCV  
  20  1:44  Supply Depot  
  20  1:45  SCV  
  21  1:57  SCV  
  22  2:09  Barracks Reactor  
  22  2:11  Orbital Command  
  22  2:19  Orbital Command  
  22  2:30  Factory  
  22  2:36  SCV  
  23  2:44  SCV  
  23  2:47  Marine x2  
  25  2:52  SCV  
  25  2:56  SCV  
  27  3:00  Refinery  
  27  3:04  SCV  
  27  3:05  Marine x2  
  29  3:08  SCV  
  31  3:13  Factory Tech Lab  
  31  3:16  SCV, Starport  
  32  3:20  SCV  
  32  3:24  Bunker  
  32  3:25  Marine x2  
  35  3:31  Siege Tank  
  35  3:33  SCV  
  39  3:36  SCV  
  40  3:42  Liberator, Marine  
  40  3:43  Marine  
  40  3:45  SCV  
  40  3:48  SCV  
  44  3:55  Fusion Core  
  44  4:01  Supply Depot  
  44  4:02  SCV  
  48  4:05  SCV  
  49  4:10  Siege Tank  
  49  4:12  Marine  
  49  4:15  SCV  
  54  4:23  SCV  
  55  4:25  Supply Depot  
  55  4:27  SCV  
  55  4:31  Marine x2  
  58  4:33  Liberator  
  58  4:35  SCV  
  59  4:39  SCV  
  59  4:43  Supply Depot  
  60  4:47  SCV  
  60  4:50  Advanced Ballistics  
  60  4:52  Factory Tech Lab  
  64  4:56  SCV  
  64  4:59  SCV  
  66  5:00  Supply Depot  
  66  5:10  SCV  
  66  5:11  Siege Tank  
  66  5:12  Barracks  
  70  5:14  SCV  
  70  5:15  Barracks Tech Lab  
  70  5:16  Liberator  
  71  5:22  SCV, Supply Depot  
  71  5:26  SCV  
  73  5:29  Command Center  
  76  5:39  SCV, Supply Depot  
  77  5:43  SCV  
  77  5:49  Siege Tank  
  81  5:51  SCV, Marine  
  81  5:54  Refinery  
  81  5:55  SCV, Supply Depot  
  84  6:00  Marine  
  85  6:04  SCV  
  85  6:08  Marine  
  85  6:09  Barracks  
  85  6:10  SCV  
  88  6:12  Barracks  
  88  6:13  Barracks  
  88  6:16  SCV, Marine  
  88  6:17  Stimpack  
  90  6:24  Marine  
  91  6:29  SCV  
  91  6:30  Marine  
  93  6:34  Marine  
  93  6:37  SCV  
  93  6:39  Supply Depot, Siege Tank  
  98  6:41  Supply Depot  
  98  6:42  Starport Reactor  
  98  6:44  Engineering Bay  
  98  6:45  Engineering Bay  
  98  6:47  SCV  
  98  6:48  Orbital Command  
  98  6:49  Marauder  
  98  6:53  SCV  
  102  6:59  SCV  
  102  7:00  Marine x2  
  102  7:01  Barracks Reactor x2  
  105  7:04  Supply Depot  
  105  7:05  SCV  
  106  7:10  Marauder  
  106  7:11  SCV  
  106  7:12  Barracks Reactor  
  106  7:13  Supply Depot  
  106  7:14  Barracks Tech Lab, Orbital Command  
  109  7:18  SCV, Factory  
  109  7:19  Marine x2  
  112  7:23  SCV  
  113  7:31  Refinery  
  113  7:32  Marauder  
  113  7:35  Refinery  
  115  7:37  Marine, Siege Tank  
  115  7:38  Marine  
  115  7:39  Marine x2  
  120  7:45  Marauder, Marine x2  
  120  7:47  Medivac x2  
  126  7:52  Marine  
  126  7:55  SCV  
  126  7:56  Marine x2  
  126  8:04  Orbital Command  
  124  8:07  Marauder  
  124  8:08  SCV  
  124  8:11  Marauder  
  126  8:16  Marine x2  
  126  8:19  SCV  
  129  8:25  Marine x4  
  132  8:31  SCV x2  
  141  8:42  Armory  
Show
View Real Time Build Order
Export as new Build Order

Sacrilege Zerg 

Build Orders: Pool First 

Get SALT Encoding   

  12  0:01  Drone  
  13  0:12  Overlord  
  13  0:17  Drone  
  14  0:30  Drone x2  
  14  0:34  Drone  
  17  0:37  Extractor  
  16  0:45  Drone  
  17  0:50  Spawning Pool  
  16  0:59  Drone  
  17  1:18  Hatchery  
  17  1:22  Drone  
  17  1:39  Queen  
  19  1:41  Metabolic Boost  
  19  1:48  Zergling x2  
  19  1:49  Zergling x2  
  21  1:58  Overlord  
  21  2:02  Drone  
  22  2:16  Queen  
  24  2:33  Drone x4  
  30  2:48  Roach Warren  
  27  2:51  Drone  
  27  2:52  Drone x4  
  32  3:00  Drone x2  
  32  3:05  Overlord  
  34  3:21  Drone  
  34  3:22  Drone  
  34  3:24  Extractor  
  35  3:36  Roach  
  35  3:38  Roach  
  35  3:39  Roach x2  
  43  3:42  Drone, Overlord  
  44  3:51  Overlord  
  44  4:03  Lair  
  44  4:08  Drone x6  
  44  4:09  Drone  
  51  4:11  Drone  
  51  4:14  Hatchery  
  51  4:19  Evolution Chamber  
  51  4:21  Drone  
  51  4:22  Drone  
  52  4:25  Drone x2  
  54  4:43  Spore Crawler  
  54  4:45  Spore Crawler  
  52  4:46  Drone, Zerg Missile Weapons Level 1  
  52  4:47  Drone x6, Extractor  
  58  4:54  Extractor  
  58  4:57  Overlord  
  58  4:58  Overlord  
  57  5:01  Drone x3  
  57  5:03  Glial Reconstitution  
  60  5:18  Overseer  
  60  5:19  Overlord  
  60  5:24  Overlord  
  60  5:25  Drone x4  
  60  5:27  Drone, Queen  
  67  5:34  Spore Crawler  
  66  5:41  Roach  
  66  5:42  Roach x4  
  76  5:47  Roach  
  76  5:48  Roach  
  80  5:50  Overlord  
  80  5:53  Roach  
  80  5:55  Overlord  
  82  6:02  Overlord x2  
  82  6:14  Ravager x4  
  86  6:34  Roach  
  86  6:35  Roach x8  
  104  6:49  Drone x2  
  104  6:52  Overlord, Extractor  
  104  6:54  Extractor  
  104  7:07  Roach  
  104  7:08  Roach  
  106  7:15  Roach  
  105  7:16  Roach x4  
  113  7:31  Drone  
  113  7:34  Overlord  
  113  7:36  Overlord  
  113  7:37  Overlord  
  106  7:47  Roach  
  98  7:53  Roach  
  100  8:02  Roach  
  100  8:04  Roach  
  100  8:21  Roach  
Tags
 
Add a new tag
Caveats
  • Supply blocks, unpowered buildings, or Contaminate may cause inaccurate times.
  • Supply counts are checked every 10 seconds.